 Dungeon Crawl Stone Soup version 0.32-a0-859-gb0a091d (webtiles) character file.

Game seed: 12547221379449254945

128299 tlatlagkaus the Eclecticist (level 17, -8/111 HPs)
             Began as a Formicid Earth Elementalist on Mar 27, 2024.
             Was the Champion of Vehumet.
             Mangled by a +0 halberd of distortion (10 damage)
             ... on level 1 of the Elven Halls.
             The game lasted 02:54:04 (10028 turns).

tlatlagkaus the Eclecticist (FoEE)                 Turns: 10028, Time: 02:54:05

Health: -8/111     AC: 10    Str: 12    XL:     17   Next: 4%
Magic:  25/35      EV: 15    Int: 32    God:    Vehumet [******]
Gold:   884        SH: 10    Dex: 13    Spells: 6/52 levels left

rFire   + . .        c - staff "Beotamiw" {Int+5 Stlth- Conj Hexes}
rCold   + . .        h - +0 buckler
rNeg    . . .        y - +1 troll leather armour
rPois   +            (helmet unavailable)
rElec   .            p - +0 cloak
rCorr   .            L - +0 pair of gloves
SInv    +            (no boots)
Will    +....        O - amulet of reflection
Stlth   +            i - ring of the Prince {rPois rF+ rC+ EV+5}
HPRegen 1.18/turn    M - +4 ring of protection
MPRegen 0.24/turn

%: reflection
@: no status effects
A: permanent stasis, dig shafts and tunnels, antennae 3, four strong arms,
clever 1, low MP 1
a: Dig, Shaft Self, Renounce Religion


You were on level 1 of the Elven Halls.
You worshipped Vehumet.
Vehumet was exalted by your worship.
You visited 5 branches of the dungeon, and saw 24 of its levels.
You also visited: Ossuary.

You collected 1903 gold pieces.
You spent 1019 gold pieces at shops.

Inventory:

Hand Weapons
 k - a +3 hand cannon of freezing
 A - a +8 battleaxe of freezing
 K - the +1 trident "Kughao Koaxu" {freeze, rElec Will+ Dex+3 Stlth+}
   (You found it on level 5 of the Lair of Beasts)

   Dex+3:     It affects your dexterity (+3).
   rElec:     It insulates you from electricity.
   Will+:     It increases your willpower.
   Stlth+:    It makes you more stealthy.
Missiles
 z - 8 curare-tipped darts
Armour
 h - a +0 buckler (worn)
 p - a +0 cloak (worn)
 y - a +1 troll leather armour (worn)
 L - a +0 pair of gloves (worn)
Magical Staves
 c - the staff "Beotamiw" (weapon) {Int+5 Stlth- Conj Hexes}
   (You found it on level 2 of the Lair of Beasts)

   [staff of conjuration]

   Base accuracy: +5 Base damage: 5 Base attack delay: 1.2 This weapon's minimum
   attack delay (0.6) is reached at skill level 12.
   Int+5:     It affects your intelligence (+5).
   Stlth-:    It makes you less stealthy.
   Conj:      It increases the power of your Conjurations spells.
   Hexes:     It increases the power of your Hexes spells.
   It falls into the 'Staves' category.
   It is a weapon for one hand-pair.
 n - a staff of earth
 v - a staff of fire
 J - a staff of alchemy
Jewellery
 i - the ring of the Prince (left hand) {rPois rF+ rC+ EV+5}
   (You bought it in a shop on level 2 of the Orcish Mines)

   [ring of evasion]

   EV+5:      It affects your evasion (+5).
   rF+:       It protects you from fire.
   rC+:       It protects you from cold.
   rPois:     It protects you from poison.
 G - a ring of fire
 I - a ring of protection from fire
 M - a +4 ring of protection (right hand)
 O - an amulet of reflection (around neck)
Wands
 s - a wand of flame (32)
 u - a wand of charming (6)
 w - a wand of mindburst (4)
 C - a wand of warping (5)
 H - a wand of acid (12)
Scrolls
 l - 2 scrolls of identify
 m - 3 scrolls of poison
 r - 2 scrolls of amnesia
 x - 2 scrolls of fog
 B - a scroll of brand weapon
 E - a scroll of fear
Potions
 a - 2 potions of invisibility
 b - 4 potions of magic
 d - 2 potions of might
 e - 5 potions of heal wounds
 f - a potion of resistance
 g - 8 potions of mutation
 j - 8 potions of curing
 o - 4 potions of brilliance
 q - 3 potions of ambrosia
 t - 3 potions of enlightenment
 F - 4 potions of lignification


   Skills:
 - Level 4.0 Fighting
 - Level 2.1 Staves
 - Level 4.0 Armour
 - Level 1.7 Dodging
 - Level 2.4 Stealth
 - Level 5.0 Shields
 - Level 18.0 Spellcasting
 + Level 13.2 Conjurations
 - Level 3.0 Hexes
 - Level 3.0 Summonings
 - Level 3.0 Fire Magic
 - Level 5.0 Ice Magic
 - Level 15.8 Earth Magic
 - Level 10.0 Alchemy
 - Level 3.0 Evocations


You had 6 spell levels left.
You knew the following spells:

 Your Spells              Type           Power      Damage    Failure   Level
a - Sandblast             Erth           100%       2d20      0%          1
b - Stone Arrow           Conj/Erth      100%       3d13      0%          3
c - Brom's Barrelling Bo  Conj/Erth      100%       2d11      1%          4
d - Inner Flame           Hex/Fire       64%        N/A       1%          3
e - Olgreb's Toxic Radia  Alch           75%        N/A       1%          4
f - Frozen Ramparts       Ice            100%       1d16      1%          3
g - Yara's Violent Unrav  Hex/Alch       40%        3d16      1%          5
h - Freezing Cloud        Conj/Ice/Air   40%        6-21      1%          5
i - Bombard               Conj/Erth      55%        9d9       1%          6
j - Spellforged Servitor  Conj/Summ      44%        N/A       17%         7
k - Irradiate             Conj/Alch      50%        3d28      1%          5

Your spell library contained the following spells:

 Spells                   Type           Power      Damage    Failure   Level
 Passwall                 Erth           92%        N/A       0%          3
 Mercury Vapours          Alch/Air       100%       N/A       1%          2
 Mephitic Cloud           Conj/Alch/Air  87%        N/A       1%          3
 Tukima's Dance           Hex            64%        N/A       1%          3
 Petrify                  Alch/Erth      84%        N/A       1%          4
 Necrotise                Necr           100%       1d9       2%          1
 Vampiric Draining        Necr           28%        2d8       7%          3
 Martyr's Knell           Necr/Summ      38%        N/A       12%         4
 Passage of Golubria      Tloc           28%        N/A       22%         4
 Curse of Agony           Necr           28%        N/A       54%         5
 Ozocubu's Refrigeration  Ice            28%        4d13      50%         7
 Discord                  Hex            32%        N/A       100%        8


Dungeon Overview and Level Annotations

Branches:
Dungeon (15/15)            Temple (1/1) D:5            Lair (5/5) D:10
 Shoals (0/4) Lair:3        Slime (0/5) Lair:4          Orc (2/2) D:10
    Elf (1/3) Orc:2        Depths (0/4) D:15        Ossuary (visited)
  Snake: Lair:2-3    Spider: Lair:2-3    Vaults: D:13-14

Altars:
Ashenzari
Cheibriados
Dithmenos
Elyvilon
Fedhas
Gozag
Hepliaklqana
Kikubaaqudgha
Makhleb
Nemelex Xobeh
Okawaru
Qazlal
Ru
Trog
Uskayaw
Vehumet
Wu Jian
Xom
Yredelemnul
Zin
The Shining One
Beogh
Jiyva
Lugonu

Shops:
D:5 *   D:6 ?   Orc:2 =!(!

Portals:
Pandemonium: Orc:2

Annotations:
D:8 3 runed translucent doors
D:10 3 runed translucent doors, Dorkslayer's ghost, journeyman OpFi


Innate Abilities, Weirdness & Mutations

You cannot be hasted, slowed, berserked, paralysed or teleported.
You can dig through walls and to a lower floor.
You have a pair of large antennae on your head. (SInv)
Your four strong arms can wield two-handed weapons with a shield.
Your mind is acute. (Int +4, Str/Dex -1)
Your magical capacity is low. (-10% MP)


Message History

You swing at nothing.
You swing at nothing.
You swing at nothing.
You swing at nothing.
You swing at nothing.
You swing at nothing.
Your +8 battleaxe of freezing stops glowing.
You feel clever.
c - the staff "Beotamiw" (weapon)
{Int+5 Stlth- Conj Hexes} You see here a +3 glaive of distortion.
Found a flail.
You open the door.
There is an open door here.
A thermic dynamo and a +0 halberd of distortion come into view.
The thermic dynamo overcharges itself and releases excess heat at you.
The rebounding bolt of fire hits the +0 halberd of distortion.
The +0 halberd of distortion resists.
The rebounding bolt of fire hits you! You resist.
The +0 halberd of distortion attacks as it pursues you!
The +0 halberd of distortion hits you from afar!
The thermic dynamo overcharges itself and releases excess heat at you.
The rebounding bolt of fire misses the +0 halberd of distortion.
The rebounding bolt of fire hits you. You resist.
The +0 halberd of distortion attacks as it pursues you!
The +0 halberd of distortion hits you from afar.
Space warps around you.
You block the +0 halberd of distortion's attack.
There is an open door here.
The +0 halberd of distortion hits you!! Space warps around you.
A thermic dynamo comes into view.
You block the +0 halberd of distortion's attack.
Unknown command.
The +0 halberd of distortion hits you!!
* * * LOW HITPOINT WARNING * * *
Space warps horribly around you!!
* * * LOW HITPOINT WARNING * * *
You begin to dig a shaft.
You continue digging a shaft.
The +0 halberd of distortion completely misses you.
The +0 halberd of distortion hits you!
You die...

.....## ......## #.
.......##### ..#..
##. ..).......^##
#.#. {..
#######.....## #..
#.## #......## ##.#
.....
#.......###..##.###
#......).###......
#........'@##.#
#........##(v##
#.......###v##
#####..## #.# {
#.## #.# {{ {###
#.# { { #.# #.# #.#


You could see 2 thermic dynamos and a +0 halberd of distortion.

Vanquished Creatures
  Jorgrun (D:15)
  A stone giant (D:15)
  Nessos (Lair:4)
  Azrael (D:13)
  Snorg (Lair:4)
  A rakshasa (D:14)
  5 hydras
  2 demonspawn (Orc:2)
  2 ogre magi (D:15)
  A merfolk avatar (Lair:5)
  An ice dragon (Lair:2)
  4 boulder beetles
  3 dancing weapons (Elf:1)
  6 centaur warriors
  9 two-headed ogres (D:15)
  2 tengu warriors (D:15)
  3 death yaks (Lair:5)
  6 orc high priests (Orc:2)
  Nergalle (Orc:1)
  9 hell knights (D:10)
  2 deep elf knights (Elf:1)
  Sonja (D:12)
  A soul eater (Orc:2)
  2 skysharks
  4 skeletal warriors
  A sea snake (Lair:5)
  A deep elf archer (Elf:1)
  2 thermic dynamos (Elf:1)
  2 harpies (Lair:5)
  2 deep elf zephyrmancers (Elf:1)
  A necromancer (D:10)
  6 ugly things
  4 deep elf pyromancers
  6 orc knights
  An oklob plant (Lair:2)
  3 obsidian bats
  3 cyclopes
  7 orc sorcerers
  3 manticores
  A kobold blastminer (Orc:2)
  10 elephants
  3 black mambas
  A rust devil (Orc:2)
  A gargoyle (D:11)
  An ice statue (Lair:2)
  2 centaur skeletons (D:13)
  14 cane toads
  2 kobold demonologists (D:13)
  14 komodo dragons
  5 rime drakes
  2 efreet
  An ice devil (Orc:2)
  A tengu conjurer (D:15)
  A wind drake (Lair:5)
  A queen bee (Lair:1)
  8 trolls
  2 hornets
  7 blink frogs (Lair:5)
  2 polar bears (Lair:5)
  Prince Ribbit (D:8)
  13 slime creatures
  A ynoxinul (Orc:2)
  A wraith (D:10)
  A water elemental (Elf:1)
  3 wyverns
  50 yaks
  8 fire elementals
  2 wargs (Orc:1)
  5 basilisks
  4 steam dragons
  11 vampire mosquitoes
  2 acid dragons
  9 hell hounds
  11 water moccasins
  24 orc warriors
  10 ogres
  6 ice beasts
  A sky beast (D:6)
  An ice beast (shapeshifter) (D:14)
  A boggart (D:13)
  13 wolves
  14 centaurs
  Blork the orc (D:5)
  7 kobold brigands
  2 gnoll sergeants (D:7)
  11 bullfrogs
  3 scorpions
  3 water moccasin zombies (Ossuary)
  A burial acolyte (Ossuary)
  5 wights (D:6)
  33 killer bees
  4 electric eels
  2 lava snakes (Lair:3)
  8 howler monkeys
  A bombardier beetle (D:5)
  5 hounds
  A spectral scorpion (Ossuary)
  8 jellies
  24 orc priests
  3 sleepcaps
  2 iguanas
  24 orc wizards
  A human skeleton (D:5)
  2 crocodile zombies (Ossuary)
  2 mummies (Ossuary)
  3 gnolls (D:7)
  4 adders
  3 shadow imps
  4 white imps (Lair:2)
  4 ufetubi
  3 adder zombies (Ossuary)
  A dart slug (D:2)
  A ribbon worm (D:2)
  80 orcs
  2 bats
  3 endoplasms
  2 giant cockroaches
  9 gnoll zombies (Ossuary)
  4 goblins
  6 hobgoblins
  2 jackals (D:2)
  A quokka (D:4)
  7 ball pythons
  A frilled lizard (D:2)
  3 jackal zombies (Ossuary)
  7 kobolds
  An orc skeleton (D:5)
  5 orc zombies (Ossuary)
  A rat (D:1)
  A butterfly (Lair:5)
694 creatures vanquished.

Vanquished Creatures (others)
  An acid dragon (D:7)
  An orc wizard (D:13)
2 creatures vanquished.

Grand Total: 696 creatures vanquished

Notes
Turn   | Place    | Note
-------+----------+-------------------------------------------
     0 | D:1      | tlatlagkaus the Formicid Earth Elementalist began the quest
                  | for the Orb.
     0 | D:1      | Reached XP level 1. HP: 13/13 MP: 3/3
    24 | D:1      | Reached skill level 1 in Conjurations
    61 | D:2      | Reached XP level 2. HP: 12/19 MP: 0/5
    69 | D:2      | Found a faded altar of an unknown god.
   105 | D:2      | Reached XP level 3. HP: 24/24 MP: 2/7
   250 | D:2      | Reached skill level 3 in Spellcasting
   274 | D:2      | Reached XP level 4. HP: 30/30 MP: 2/8
   412 | D:2      | Learned a level 3 spell: Stone Arrow
   417 | D:2      | Learned a level 4 spell: Brom's Barrelling Boulder
   645 | D:3      | Reached XP level 5. HP: 35/35 MP: 7/10
   760 | D:3      | Noticed an ogre
   766 | D:3      | Killed an ogre
   767 | D:3      | Reached skill level 4 in Spellcasting
   767 | D:3      | Reached skill level 5 in Earth Magic
   767 | D:3      | Reached XP level 6. HP: 41/41 MP: 4/12
   876 | D:4      | Reached skill level 5 in Spellcasting
   876 | D:4      | Reached XP level 7. HP: 39/46 MP: 7/14
  1043 | D:5      | Entered Level 5 of the Dungeon
  1057 | D:5      | Noticed Blork the orc
  1163 | D:5      | Found a staircase to the Ecumenical Temple.
  1171 | Temple   | Entered the Ecumenical Temple
  1184 | Temple   | Became a worshipper of Vehumet
  1279 | D:5      | Killed Blork the orc
  1363 | D:5      | Reached skill level 6 in Spellcasting
  1391 | D:5      | Reached XP level 8. HP: 50/52 MP: 8/17
  1401 | D:5      | Found a sand-covered staircase.
  1410 | Ossuary  | Entered an ossuary
  1456 | Ossuary  | Reached skill level 1 in Fighting
  1532 | Ossuary  | Reached * piety under Vehumet
  1532 | Ossuary  | Offered knowledge of Magic Dart by Vehumet.
  1549 | Ossuary  | Gained mutation: Your mind is acute. (Int +4, Str/Dex -1)
                  | [potion of mutation]
  1549 | Ossuary  | Gained mutation: Your magical capacity is low. (-10% MP)
                  | [potion of mutation]
  1642 | Ossuary  | Reached skill level 7 in Spellcasting
  1739 | D:5      | Found Ymon's General Store.
  1868 | D:6      | Found Fyfo's Magic Scroll Shop.
  1871 | D:6      | Bought a scroll of fog for 52 gold pieces
  1888 | D:6      | Reached ** piety under Vehumet
  1888 | D:6      | Offered knowledge of Mercury Vapours by Vehumet.
  1893 | D:6      | Reached XP level 9. HP: 59/59 MP: 14/18
  1996 | D:6      | Reached skill level 8 in Spellcasting
  2052 | D:6      | Reached skill level 5 in Conjurations
  2102 | D:6      | Offered knowledge of Inner Flame by Vehumet.
  2113 | D:6      | Learned a level 3 spell: Inner Flame
  2243 | D:7      | Reached skill level 1 in Fire Magic
  2275 | D:7      | Reached skill level 9 in Spellcasting
  2324 | D:7      | Noticed a troll
  2331 | D:7      | Killed a troll
  2450 | D:7      | Reached skill level 1 in Shields
  2450 | D:7      | Reached XP level 10. HP: 62/65 MP: 16/21
  2542 | D:7      | Reached *** piety under Vehumet
  2582 | D:7      | Learned a level 4 spell: Olgreb's Toxic Radiance
  2641 | D:7      | Reached skill level 10 in Spellcasting
  2792 | D:7      | Reached skill level 1 in Alchemy
  2979 | D:8      | Noticed Prince Ribbit
  2984 | D:8      | Killed Prince Ribbit
  2992 | D:8      | Found a runed translucent gate.
  2992 | D:8      | Noticed a brown ugly thing
  2993 | D:8      | Found a runed translucent gate.
  2994 | D:8      | Found a runed translucent gate.
  2995 | D:8      | Noticed a red ugly thing
  2996 | D:8      | Noticed a purple ugly thing
  2996 | D:8      | Noticed a red ugly thing
  2996 | D:8      | Noticed a white ugly thing
  2997 | D:8      | Noticed a brown ugly thing
  3060 | D:8      | Offered knowledge of Frozen Ramparts by Vehumet.
  3185 | D:9      | Learned a level 3 spell: Frozen Ramparts
  3208 | D:9      | Reached skill level 1 in Staves
  3208 | D:9      | Reached skill level 1 in Ice Magic
  3335 | D:9      | Reached skill level 1 in Hexes
  3337 | D:9      | Reached **** piety under Vehumet
  3401 | D:9      | Reached XP level 11. HP: 58/70 MP: 11/23
  3489 | D:9      | Reached skill level 11 in Spellcasting
  3489 | D:9      | Reached skill level 10 in Earth Magic
  3557 | D:9      | Offered knowledge of Airstrike by Vehumet.
  3558 | D:9      | Reached skill level 5 in Shields
  3668 | D:10     | Entered Level 10 of the Dungeon
  3677 | D:10     | Reached skill level 1 in Evocations
  3690 | D:10     | Found a runed translucent gate.
  3690 | D:10     | Found a runed translucent gate.
  3690 | D:10     | Found an opulent altar of Gozag.
  3695 | D:10     | Found a runed translucent gate.
  3696 | D:10     | Noticed a tengu warrior
  3697 | D:10     | Noticed Dorkslayer's ghost (journeyman OpFi)
  3765 | D:10     | Reached skill level 5 in Alchemy
  3771 | D:10     | Learned a level 5 spell: Yara's Violent Unravelling
  3784 | D:10     | Found a staircase to the Orcish Mines.
  3793 | D:10     | Reached skill level 1 in Armour
  3820 | D:10     | Found a sparkling altar of Nemelex Xobeh.
  3828 | D:10     | Found an iron altar of Okawaru.
  3995 | D:10     | Learned a level 5 spell: Freezing Cloud
  4011 | D:10     | Noticed a hell knight
  4018 | D:10     | Killed a hell knight
  4057 | D:10     | Noticed a hell knight
  4059 | D:10     | Noticed a hell knight
  4062 | D:10     | Noticed a hell knight
  4064 | D:10     | Killed a hell knight
  4133 | D:10     | Killed a hell knight
  4134 | D:10     | Reached skill level 12 in Spellcasting
  4145 | D:10     | Noticed a necromancer
  4181 | D:10     | Noticed a hell knight
  4190 | D:10     | Killed a hell knight
  4191 | D:10     | Killed a hell knight
  4191 | D:10     | Noticed a hell knight
  4197 | D:10     | Noticed a hell knight
  4242 | D:10     | Killed a hell knight
  4243 | D:10     | Reached XP level 12. HP: 49/76 MP: 8/25
  4277 | D:10     | Noticed a hell knight
  4355 | D:10     | Killed a hell knight
  4356 | D:10     | Reached skill level 13 in Spellcasting
  4424 | D:10     | Killed a hell knight
  4450 | D:10     | Noticed a hell knight
  4453 | D:10     | Killed a hell knight
  4528 | D:10     | Reached ***** piety under Vehumet
  4528 | D:10     | Offered knowledge of Conjure Ball Lightning by Vehumet.
  4556 | D:10     | Found a staircase to the Lair.
  4666 | Orc:1    | Entered Level 1 of the Orcish Mines
  4822 | Orc:1    | Reached skill level 14 in Spellcasting
  4890 | Orc:1    | Noticed Nergalle
  4899 | Orc:1    | Killed Nergalle
  4951 | Orc:2    | Entered Level 2 of the Orcish Mines
  4998 | Orc:2    | Found a roughly hewn altar of Beogh.
  5036 | Orc:2    | Found a staircase to the Elven Halls.
  5161 | Orc:2    | Noticed a soul eater
  5169 | Orc:2    | Killed a soul eater
  5170 | Orc:2    | Reached skill level 10 in Alchemy
  5211 | Orc:2    | Reached XP level 13. HP: 81/81 MP: 11/28
  5247 | Orc:2    | Found Bafeujim's Distillery.
  5254 | Orc:2    | Found Cohean's Distillery.
  5360 | Orc:2    | Reached skill level 5 in Ice Magic
  5367 | Orc:2    | Reached skill level 15 in Spellcasting
  5388 | Orc:2    | Reached skill level 16 in Spellcasting
  5400 | Orc:2    | Offered knowledge of Bombard by Vehumet.
  5418 | Orc:2    | Learned a level 6 spell: Bombard
  5432 | Orc:2    | Noticed a demonspawn
  5450 | Orc:2    | Killed a demonspawn
  5482 | Orc:2    | Noticed a demonspawn
  5487 | Orc:2    | Killed a demonspawn
  5529 | Orc:2    | Found Veus's Jewellery Emporium.
  5529 | Orc:2    | Found Yhaom's Antique Weapon Shoppe.
  5529 | Orc:2    | Found a one-way gate leading to the halls of Pandemonium.
  5531 | Orc:2    | Bought the ring of the Prince {rPois rF+ rC+ EV+5} for 734
                  | gold pieces
  5563 | Orc:2    | Bought a potion of heal wounds for 55 gold pieces
  5563 | Orc:2    | Bought a potion of heal wounds for 55 gold pieces
  5563 | Orc:2    | Bought a potion of heal wounds for 55 gold pieces
  5565 | Orc:2    | Bought a potion of brilliance for 68 gold pieces
  5658 | Lair:1   | Entered Level 1 of the Lair of Beasts
  5790 | Lair:4   | Reached XP level 14. HP: 63/91 MP: 23/31
  5802 | Lair:5   | Entered Level 5 of the Lair of Beasts
  5802 | Lair:5   | Found a gate leading to a gauntlet.
  5842 | Lair:4   | Reached skill level 17 in Spellcasting
  5874 | Lair:4   | Noticed Snorg
  5883 | Lair:4   | Killed Snorg
  6253 | Lair:5   | Reached skill level 15 in Earth Magic
  6272 | Lair:5   | Offered knowledge of Arcjolt by Vehumet.
  6460 | Lair:5   | Identified the +1 trident "Kughao Koaxu" {freeze, rElec
                  | Will+ Dex+3 Stlth+}
  6461 | Lair:5   | Got an earthy gem with 2876 turns to spare
  6555 | Lair:5   | Reached XP level 15. HP: 100/100 MP: 27/32
  6717 | Lair:4   | Found a viscous altar of Jiyva.
  6724 | Lair:4   | Found a staircase to the Slime Pits.
  6837 | Lair:4   | Noticed Nessos
  6846 | Lair:4   | Killed Nessos
  7085 | Lair:3   | Found a staircase to the Shoals.
  7301 | Lair:2   | You are sucked into a shaft and drop 1 floor!
  7364 | Lair:2   | Offered knowledge of Plasma Beam by Vehumet.
  7413 | Lair:2   | Identified the staff "Beotamiw" {Int+5 Stlth- Conj Hexes}
  7553 | Lair:2   | Reached ****** piety under Vehumet
  7631 | Lair:2   | Reached skill level 10 in Conjurations
  8131 | D:11     | You fall into a shaft and drop 1 floor!
  8216 | D:12     | You fall into a shaft and drop 1 floor!
  8385 | D:14     | Offered knowledge of Spellforged Servitor by Vehumet.
  8475 | D:15     | Entered Level 15 of the Dungeon
  8487 | D:15     | Learned a level 7 spell: Spellforged Servitor
  8556 | D:15     | Reached XP level 16. HP: 97/105 MP: 28/33
  8588 | D:15     | Reached skill level 1 in Summonings
  8781 | D:15     | Found a staircase to the Depths.
  8788 | D:15     | Got a smoky gem with 3400 turns to spare
  8924 | D:15     | Noticed Jorgrun
  8929 | D:15     | Killed Jorgrun
  9093 | D:14     | Offered knowledge of Irradiate by Vehumet.
  9100 | D:14     | Learned a level 5 spell: Irradiate
  9295 | D:13     | Reached skill level 18 in Spellcasting
  9299 | D:13     | Noticed Azrael
  9309 | D:13     | Killed Azrael
  9488 | D:13     | Found a corrupted altar of Lugonu.
  9587 | D:12     | Noticed Sonja
  9592 | D:12     | Killed Sonja
  9777 | Elf:1    | Entered Level 1 of the Elven Halls
  9797 | Elf:1    | Found a radiant altar of Vehumet.
  9946 | Elf:1    | Reached XP level 17. HP: 98/107 MP: 30/35
 10027 | Elf:1    | HP: 1/111 [+0 halberd of distortion (21)]
 10028 | Elf:1    | Mangled by a +0 halberd of distortion

Illustrated notes

Levels and vault maps discovered:
D:1:      zaba_arrival_water, layout_loops_ring
D:2:      layout_basic, dreamdust_ecumenical_altar_angels_and_demons,
          minmay_pentomino_w2
D:3:      layout_rooms, minmay_misc_feat_square, nrook_mini_backslash
D:4:      layout_rooms
D:5:      layout_basic, minmay_temple_entry_large_hall,
          nicolae_ossuary_entry_catacombs, serial_shops, nicolae_diamond_shop,
          uniq_blork_the_orc
D:6:      layout_cave_pools, serial_shops, nicolae_shop_rolled_up, serial_bayou,
          serial_bayou_pond_d, serial_bayou_shore_b, serial_bayou_shore_b,
          serial_bayou_pond_c
D:7:      layout_gridville, hangedman_minor_gate_pass
D:8:      layout_cave_pools, ploomutoo_gammafunk_ghost_potion_laboratory,
          uniq_prince_ribbit1, uniq_gastronok
D:9:      layout_gridville
D:10:     layout_roguey, minitemple, erik_lair_island, david_orc_2,
          ebering_ghost_gozag, minmay_rotating_lava
D:11:     layout_loops_corners, serial_shops, shop
D:12:     layout_loops_corners, minmay_door_square, chequers_jeans,
          minmay_stone_trees_small, uniq_sonja
D:13:     layout_rooms, hangedman_vaults_entry_quadrant_bands,
          marbit_kobold_abyssish, uniq_azrael
D:14:     layout_basic, nicolae_titane
D:15:     grunt_enter_depths_snipers, layout_basic, hangedman_decor_push,
          uniq_jorgrun
Temple:   compressed_dpeg_triangle_lava_temple
Lair:1:   layout_cellular_growth, special_room [special_room_bee]
Lair:2:   layout_loops_ring, ice2_lemuel
Lair:3:   layout_chaotic_city, shoals_dummy_entry,
          nicolae_spider_entry_orb_guardian
Lair:4:   layout_hall_layers, nicolae_slime_entry_field_trip,
          ebering_ghost_reflecting_pool, lemuel_fruit_tree, uniq_nessos,
          uniq_snorg
Lair:5:   gammafunk_lair_ancient_temple, layout_regular_city,
          gauntlet_entry_generic, lemuel_fruit_fields,
          infiniplex_staircase_pool, serial_bayou_shore_b
Orc:1:    layout_diamond_mine, mines2_lemuel, uniq_nergalle
Orc:2:    pf_orc_diabolical, layout_caves, nicolae_orc_beogh_chapel
Elf:1:    eino_elf_arrival_altar, layout_gridlike, serial_shops,
          nicolae_shop_back_alley_shop, evilmike_minifort,
          nicolae_concentric_dashed_squares_wild, uniq_louise

Skill      XL: |  1  2  3  4  5  6  7  8  9 10 11 12 13 14 15 16 |
---------------+-------------------------------------------------+-----
Conjurations   | 1 2 3 4 5 6 10 13 | 13.2
Earth Magic    | 4 5 6 7 8 9 10 15 | 15.8
Spellcasting   | 3 4 5 6 7 9 10 12 14 16 17 18 | 18.0
Fighting       | 1 2 4 |  4.0
Fire Magic     | 1 3 |  3.0
Shields        | 1 4 5 |  5.0
Alchemy        | 4 7 10 | 10.0
Staves         | 1 2 |  2.1
Ice Magic      | 1 3 4 5 |  5.0
Hexes          | 1 3 |  3.0
Evocations     | 1 2 3 |  3.0
Armour         | 2 3 4 |  4.0
Summonings     | 3 |  3.0
Dodging        | |  1.7
Stealth        | |  2.4

Action                     |  1- 3 |  4- 6 |  7- 9 | 10-12 | 13-15 | 16-18 || total
---------------------------+-------+-------+-------+-------+-------+-------++-------
  Melee: Unarmed           |     9 |       |       |       |       |       ||     9
         War axe           |     2 |    10 |       |       |       |       ||    12
         Dagger            |       |     9 |       |       |       |       ||     9
         Short sword       |       |     8 |    55 |       |       |       ||    63
         Battleaxe         |       |       |       |    10 |    11 |       ||    21
         Staff             |       |       |       |     7 |    66 |    58 ||   131
  Throw: Dart              |     3 |     3 |     3 |       |       |       ||     9
   Cast: Sandblast         |    20 |    42 |   141 |   135 |   214 |    53 ||   605
         Stone Arrow       |       |     2 |    21 |    36 |    20 |     7 ||    86
         Brom's Barrelling |       |       |     5 |     6 |     1 |       ||    12
         Olgreb's Toxic Ra |       |       |       |    34 |    47 |    17 ||    98
         Inner Flame       |       |       |       |    11 |    43 |    15 ||    69
         Frozen Ramparts   |       |       |       |    13 |    28 |    15 ||    56
         Freezing Cloud    |       |       |       |    13 |    27 |    18 ||    58
         Yara's Violent Un |       |       |       |     6 |       |       ||     6
         Bombard           |       |       |       |       |    26 |    36 ||    62
         Irradiate         |       |       |       |       |       |     3 ||     3
Ability: Dig               |     1 |       |     1 |     7 |     7 |     8 ||    24
         Shaft Self        |       |       |       |       |     3 |     1 ||     4
  Evoke: Wand              |       |       |     1 |     1 |       |     2 ||     4
    Use: Potion            |       |       |     5 |     3 |     7 |     2 ||    17
         Scroll            |       |       |     3 |     8 |     9 |     3 ||    23
   Stab: Sleeping          |       |     1 |     3 |       |       |       ||     4
         Betrayed ally     |       |       |       |       |       |     1 ||     1
 Armour: Robe              |     7 |    28 |    67 |       |       |       ||   102
         Steam dragon scal |       |       |     3 |    38 |       |       ||    41
         Troll leather arm |       |       |       |    45 |   181 |   116 ||   342
  Dodge: Dodged            |     9 |    18 |    57 |    34 |   179 |    74 ||   371
  Block: Buckler           |       |       |       |    15 |    69 |    78 ||   162
         Reflection        |       |       |       |       |     2 |    16 ||    18

Table legend: (Time is in decaauts)
 A = Elapsed time spent in this place.
 B = Non-inter-level travel time spent in this place.
 C = Inter-level travel time spent in this place.
 D = Time resting spent in this place.
 E = Time spent auto-exploring this place.
 F = Levels seen in this place.
 G = Mean time per level.
                   A        B        C        D        E       F      G
               +--------+--------+--------+--------+--------+-----+--------+
         Total |  10909 |  10639 |    270 |      0 |      0 |  25 |  436.4 |
       Dungeon |   6641 |   6515 |    126 |      0 |      0 |  15 |  442.7 |
        Temple |     26 |     14 |     12 |      0 |      0 |   1 |   26.0 |
          Lair |   2540 |   2474 |     66 |      0 |      0 |   5 |  508.0 |
  Orcish Mines |   1095 |   1029 |     66 |      0 |      0 |   2 |  547.5 |
   Elven Halls |    283 |    283 |      0 |      0 |      0 |   1 |  283.0 |
       Ossuary |    322 |    322 |      0 |      0 |      0 |   1 |  322.0 |
               +--------+--------+--------+--------+--------+-----+--------+

Top non-repeatable levels by time:
    D:10: 1294 daAuts
  Lair:5: 827 daAuts
     D:7: 727 daAuts
   Orc:2: 724 daAuts
     D:9: 562 daAuts
    D:15: 540 daAuts
     D:5: 502 daAuts
  Lair:2: 495 daAuts
    D:14: 460 daAuts
    D:13: 445 daAuts
  Lair:1: 435 daAuts
     D:2: 419 daAuts
     D:6: 400 daAuts
  Lair:4: 399 daAuts
  Lair:3: 383 daAuts
